 Dungeon Crawl Stone Soup version 0.21.0-24-g2553a33 (webtiles) character file.

81 tidbits the Grave Robber (level 4, -3/32 HPs)
             Began as a Gnoll Necromancer on Jan 20, 2018.
             Slain by a shadow (18 damage)
             ... on level 4 of the Dungeon.
             The game lasted 00:06:12 (652 turns).

tidbits the Grave Robber (Gnoll Necromancer)         Turns: 652, Time: 00:06:13

Health: -3/32      AC:  2    Str:  8 (10) XL:     4   Next: 42%
Magic:  7/11       EV: 15    Int: 19      God:
Gold:   105        SH:  0    Dex: 15      Spells: 5/13 levels left

rFire    . . .     SeeInvis .   g - +0 dagger
rCold    . . .     Gourm    .   (no shield)
rNeg     . . .     Faith    .   B - +0 robe (curse)
rPois    .         Spirit   .   (no helmet)
rElec    .         Reflect  .   (no cloak)
rCorr    .         Harm     .   (no gloves)
MR       .....                  (no boots)
Stlth    +++.......             (no amulet)
HPRegen  0.10/turn              (no ring)
MPRegen  0.12/turn              (no ring)

@: no status effects
A: distributed training, fangs 1, strong nose
a: no special abilities


You were on level 4 of the Dungeon.
You were not hungry.

You visited 1 branch of the dungeon, and saw 4 of its levels.

You collected 105 gold pieces.

Inventory:

Hand Weapons
 g - a +0 dagger (weapon)
 k - a +0 short sword
Missiles
 l - 2 stones (quivered)
Armour
 a - a +0 robe
 B - a cursed +0 robe (worn)
Scrolls
 d - 2 scrolls of fear
 f - a scroll of magic mapping
 h - a scroll of teleportation
 r - 5 scrolls of remove curse
Potions
 e - a potion of ambrosia
 i - a potion of flight
Books
 b - a book of Necromancy

   Spells                             Type                      Level
   a - Pain                           Necromancy                   1
   b - Animate Skeleton               Necromancy                   1
   c - Vampiric Draining              Necromancy                   3
   d - Regeneration                   Charms/Necromancy            3
   e - Animate Dead                   Necromancy                   4
   f - Borgnjor's Vile Clutch         Necromancy/Earth             5
Comestibles
 c - 3 rations


   Skills:
 + Level 1.1 Fighting
 + Level 1.1 Short Blades
 + Level 1.1 Long Blades
 + Level 1.1 Axes
 + Level 1.1 Maces & Flails
 + Level 1.1 Polearms
 + Level 1.1 Staves
 + Level 1.1 Slings
 + Level 1.1 Bows
 + Level 1.1 Crossbows
 + Level 1.1 Throwing
 + Level 1.1 Armour
 + Level 4.6 Dodging
 + Level 4.2 Stealth
 + Level 1.1 Shields
 + Level 1.1 Unarmed Combat
 + Level 5.0 Spellcasting
 + Level 0.8 Conjurations
 + Level 0.8 Hexes
 + Level 0.8 Charms
 + Level 0.8 Summonings
 + Level 7.1 Necromancy
 + Level 0.8 Translocations
 + Level 0.8 Transmutations
 + Level 0.8 Fire Magic
 + Level 0.8 Ice Magic
 + Level 0.8 Air Magic
 + Level 0.8 Earth Magic
 + Level 0.8 Poison Magic
 + Level 1.2 Invocations
 + Level 1.1 Evocations


You had 5 spell levels left.
You knew the following spells:

 Your Spells              Type           Power        Failure   Level  Hunger
a - Pain                  Necr           ####         1%          1    None
d - Vampiric Draining     Necr           ####......   1%          3    ##.....
n - Animate Skeleton      Necr           N/A          1%          1    None
r - Regeneration          Chrm/Necr      ###.......   7%          3    ##.....


Dungeon Overview and Level Annotations

Branches:
Dungeon (4/15)
 Temple: D:4-7

Altars:
Fedhas
Hepliaklqana
Okawaru
Trog

Annotations:
D:3 Gorglomux's ghost, weakling MiAE
D:4 1 transporter


Innate Abilities, Weirdness & Mutations

Your experience applies equally to all skills.
You have very sharp teeth.
Your uncanny sense of smell can sniff out nearby items.


Message History

You start putting on your armour.
You continue putting on your runed robe. x5
You finish putting on your cursed +0 robe.
Oops, that feels deathly cold.
Adjust (i)tems, (s)pells, or (a)bilities?
Adjust which item? (? for menu, Esc to quit)
j - a cursed +0 robe (worn)
Adjust to which letter? (? for menu, Esc to quit)
B - a cursed +0 robe (worn)
You swap places.
Found 4 gold pieces.
A jelly comes into view.
The jelly quivers.
Casting: Pain
Confirm with . or Enter, or press ? or * to list all spells.
Aiming: Pain
Press: ? - help, Shift-Dir - straight line, f - jelly
Aim: a jelly (chance to defeat MR: 89%)
The jelly writhes in agony!
Casting: Pain
Confirm with . or Enter, or press ? or * to list all spells.
Aiming: Pain
Press: ? - help, Shift-Dir - straight line, f/p - jelly
Aim: a jelly (heavily wounded, chance to defeat MR: 89%)
The jelly writhes in agony!
You kill the jelly!
You feel your dexterity returning.
Your Fighting skill increases to level 1!
Your Short Blades skill increases to level 1!
Your Long Blades skill increases to level 1!
Your Axes skill increases to level 1!
Your Maces & Flails skill increases to level 1!
Your Polearms skill increases to level 1!
Your Staves skill increases to level 1!
Your Slings skill increases to level 1!
Your Bows skill increases to level 1!
Your Crossbows skill increases to level 1!
Your Throwing skill increases to level 1!
Your Armour skill increases to level 1!
Your Shields skill increases to level 1!
Your Unarmed Combat skill increases to level 1!
Your Evocations skill increases to level 1!
You have reached level 4!
You feel clever.
You see here 4 gold pieces.
You now have 105 gold pieces (gained 4).
Found a scroll of remove curse.
Gorglomux's ghost turns its malevolent gaze towards you.
Gorglomux's ghost shrieks, "You will never get the ORB!"
Gorglomux's ghost casts a spell at you. The zap misses you.
The zap hits your adder skeleton.
Found a hunting sling.
Found a stone staircase leading down.
Gorglomux's ghost points at you and mumbles some strange words.
The zap misses you.
There is a stone staircase leading down here.
You climb downwards.
You hear the sound of rushing water.
There is an entrance to a sewer on this level.
Hurry and find it before the portal rusts away!
There is a stone staircase leading up here.
Unknown command.
Okay, then.
Okay, then.
Casting: Pain
Confirm with . or Enter, or press ? or * to list all spells.
You miscast Regeneration.
You are very lightly contaminated with residual magic.
You feel a strange surge of energy!
Casting: Regeneration
Confirm with . or Enter, or press ? or * to list all spells.
Your skin crawls.
A frilled lizard and a worm come into view.
Found an escape hatch in the ceiling.
The helpless frilled lizard fails to defend itself.
You puncture the frilled lizard!
You kill the frilled lizard!
Your skin is crawling a little less now.
You see here a frilled lizard corpse.
Found a transporter.
Your skin stops crawling.
Found 19 stones.
Found a transporter.
There is a transporter here.
You enter the transporter and appear at another place.
An iguana, a worker ant, a phantom and a shadow come into view.
The worker ant twitches its antennae in your direction.
The iguana hisses angrily.
Found four items.
Found three altars.
Okay, then.
Your magical contamination has completely faded away.
You see here 19 stones.
The phantom closely misses you.
The shadow slips into darkness.
The shadow flickers and vanishes!
There is a transporter here.
The worker ant closely misses you.
The phantom blinks!
The iguana bites you!
* * * LOW HITPOINT WARNING * * *
Found a plate armour.
The shadow strikes at you from the darkness!
Ouch! That really hurt!
You die...

#..# #....## ...#
#.....# ...# ##... .##
...# #####...##..# ...#
##...........## # ...##
#..#########..##..
#...###.##...©...##.....
#....##.#8..#.#a.8#....#
..#.....#..#..l#@$#...#
.####...#.(.....$_#...#
# #..©#..©....$_#©..#
#...#.......(_#..## #
#...#..#.W.#!$#.##
##..#8..#.#..8#.#
#..##.......##.[
#...#########....
#........... .


You could see a phantom and a worker ant.

Vanquished Creatures
  A jelly (D:3)
  2 adders (D:3)
  2 leopard geckos
  4 orcs
  2 bats
  A giant cockroach (D:1)
  3 goblins (D:1)
  2 hobgoblins (D:1)
  3 frilled lizards
  4 kobolds
  3 rats (D:1)
27 creatures vanquished.

Vanquished Creatures (collateral kills)
  A bat (D:3)
1 creature vanquished.

Grand Total: 28 creatures vanquished

Notes
Turn   | Place    | Note
-------+----------+-------------------------------------------
     0 | D:1      | tidbits the Gnoll Necromancer began the quest for the Orb.
     0 | D:1      | Reached XP level 1. HP: 13/13 MP: 6/6
    81 | D:1      | Reached XP level 2. HP: 9/19 MP: 1/7
   265 | D:3      | Reached XP level 3. HP: 12/25 MP: 9/9
   270 | D:3      | Learned a level 3 spell: Regeneration
   275 | D:3      | Learned a level 3 spell: Vampiric Draining
   324 | D:2      | Found a bloodstained altar of Trog.
   329 | D:2      | Reached skill level 5 in Spellcasting
   450 | D:3      | Noticed Gorglomux's ghost (weakling MiAE)
   531 | D:3      | Reached skill level 1 in Invocations
   535 | D:3      | Learned a level 1 spell: Animate Skeleton
   605 | D:3      | Reached skill level 1 in Fighting
   605 | D:3      | Reached skill level 1 in Short Blades
   605 | D:3      | Reached skill level 1 in Long Blades
   605 | D:3      | Reached skill level 1 in Axes
   605 | D:3      | Reached skill level 1 in Maces & Flails
   605 | D:3      | Reached skill level 1 in Polearms
   605 | D:3      | Reached skill level 1 in Staves
   605 | D:3      | Reached skill level 1 in Slings
   605 | D:3      | Reached skill level 1 in Bows
   605 | D:3      | Reached skill level 1 in Crossbows
   605 | D:3      | Reached skill level 1 in Throwing
   605 | D:3      | Reached skill level 1 in Armour
   605 | D:3      | Reached skill level 1 in Shields
   605 | D:3      | Reached skill level 1 in Unarmed Combat
   605 | D:3      | Reached skill level 1 in Evocations
   605 | D:3      | Reached XP level 4. HP: 14/32 MP: 7/11
   636 | D:4      | Found a transporter.
   642 | D:4      | Found a transporter.
   644 | D:4      | Noticed a phantom
   644 | D:4      | Noticed a shadow
   644 | D:4      | Found an iron altar of Okawaru.
   644 | D:4      | Found a hazy altar of Hepliaklqana.
   644 | D:4      | Found a blossoming altar of Fedhas.
   652 | D:4      | Slain by a shadow

Skill      XL: |  1  2  3 |
---------------+----------+-----
Spellcasting   | 5 |  5.0
Invocations    | 1 |  1.2
Fighting       | 1 |  1.1
Short Blades   | 1 |  1.1
Long Blades    | 1 |  1.1
Axes           | 1 |  1.1
Maces & Flails | 1 |  1.1
Polearms       | 1 |  1.1
Staves         | 1 |  1.1
Slings         | 1 |  1.1
Bows           | 1 |  1.1
Crossbows      | 1 |  1.1
Throwing       | 1 |  1.1
Armour         | 1 |  1.1
Shields        | 1 |  1.1
Unarmed Combat | 1 |  1.1
Evocations     | 1 |  1.1
Dodging        | |  4.6
Stealth        | |  4.2
Conjurations   | |  0.8
Hexes          | |  0.8
Charms         | |  0.8
Summonings     | |  0.8
Necromancy     | |  7.1
Translocations | |  0.8
Transmutations | |  0.8
Fire Magic     | |  0.8
Ice Magic      | |  0.8
Air Magic      | |  0.8
Earth Magic    | |  0.8
Poison Magic   | |  0.8

Action                   |  1- 3 |  4- 6 || total
-------------------------+-------+-------++-------
Melee: Dagger            |    20 |     1 ||    21
       Bite              |     2 |       ||     2
 Cast: Pain              |    37 |     1 ||    38
       Regeneration      |     2 |     1 ||     3
       Animate Skeleton  |     1 |       ||     1
  Use: Potion            |     3 |       ||     3
       Scroll            |     5 |       ||     5
 Stab: Sleeping          |     1 |     1 ||     2
Armor: Robe              |     2 |       ||     2
Dodge: Dodged            |    15 |     4 ||    19

Table legend:
 A = Turns spent in this place as a percentage of turns spent in the entire game.
 B = Non-inter-level travel turns spent in this place as a percentage of non-inter-level travel turns spent in the entire game.
 C = Inter-level travel turns spent in this place as a percentage of turns spent in this place.
 D = Turns resting spent in this place as a percentage of non-inter-level travel turns spent in this place.
 E = Turns spent auto-exploring this place as a percentage of non-inter-level travel turns spent in this place.
 F = Non-inter-level travel turns spent in this place divided by the number of levels of this place that you've seen.
                   A       B       C       D       E      F
               +-------+-------+-------+-------+-------+----------------------
         Total | 100.0 | 100.0 |   0.0 |   0.0 |   0.0 | 163.0
       Dungeon | 100.0 | 100.0 |   0.0 |   0.0 |   0.0 | 163.0
               +-------+-------+-------+-------+-------+----------------------

Table legend:
 A = Kills in this place as a percentage of kills in entire the game.
 B = Kills by you in this place as a percentage of kills by you in the entire game.
 C = Kills by friends in this place as a percentage of kills by friends in the entire game.
 D = Other kills in this place as a percentage of other kills in the entire game.
 E = Experience gained in this place as a percentage of experience gained in the entire game.
 F = Experience gained in this place divided by the number of levels of this place that you have seen.
                   A       B       C       D       E      F
               +-------+-------+-------+-------+-------+----------------------
         Total | 100.0 | 100.0 | 100.0 |   N/A | 100.0 |  29.2
       Dungeon | 100.0 | 100.0 | 100.0 |   N/A | 100.0 |  29.2
               +-------+-------+-------+-------+-------+----------------------

Vault maps used:
D:1:      lightli_arrival_farm
D:2:      tgw_trog, first_ration, grunt_ministairs_3, trog_butcher_becter
D:3:      minivault_19, goddamned_bats, uniq_terence, uniq_ijyb
D:4:      gammafunk_temple_overflow_arena, portal_sewer_entry_e,
          minmay_crossroads, uniq_robin
